 Dungeon Crawl Stone Soup version 0.21-a0-372-gd0ff781 (webtiles) character file.

263 Dordric the Cudgeler (level 6, 0/52 HPs)
             Began as a Hill Orc Fighter on Oct 16, 2017.
             Was an Initiate of Beogh.
             Slain by a sky beast (3 damage)
             ... on level 4 of the Dungeon.
             The game lasted 00:07:32 (3382 turns).

Dordric the Cudgeler (Hill Orc Fighter)             Turns: 3382, Time: 00:07:32

Health: 0/52       AC:  8    Str: 19    XL:     6   Next: 19%
Magic:  6/6        EV:  8    Int:  8    God:    Beogh [......]
Gold:   201        SH:  9    Dex: 12    Spells: 5/5 levels left

rFire    . . .     SeeInvis .   a - +0 flail
rCold    . . .     Gourm    .   c - +0 shield
rNeg     . . .     Faith    .   b - +0 scale mail
rPois    .         Spirit   .   u - +0 helmet
rElec    .         Reflect  .   (no cloak)
rCorr    .         Harm     .   (no gloves)
MR       .....                  (no boots)
Stlth    ..........             (no amulet)
HPRegen  0.17/turn              (no ring)
MPRegen  0.10/turn              (no ring)

@: no status effects
A: no striking features
a: Renounce Religion


You were on level 4 of the Dungeon.
You worshipped Beogh.
Beogh was noncommittal.
You were not hungry.

You visited 1 branch of the dungeon, and saw 5 of its levels.

You collected 201 gold pieces.

Inventory:

Hand Weapons
 a - a +0 flail (weapon)
 r - a +0 blowgun
Missiles
 g - 2 javelins (quivered)
 s - 29 poisoned needles
Armour
 b - a +0 scale mail (worn)
 c - a +0 shield (worn)
 u - a +0 helmet (worn)
Jewellery
 m - an uncursed ring of poison resistance {unknown}
 o - a cursed ring of teleportation {unknown}
Scrolls
 e - 2 scrolls of random uselessness {unknown}
 h - a scroll of enchant armour {unknown}
 j - 3 scrolls of remove curse {unknown}
 k - 4 scrolls of magic mapping {unknown}
 l - 6 scrolls of identify {unknown}
 p - a scroll of noise {unknown}
 t - a scroll of teleportation {unknown}
Potions
 d - 2 potions of might
 i - 3 potions of haste {unknown}
 n - a potion of magic {unknown}
 q - a potion of resistance {unknown}
 v - a potion of agility {unknown}
 x - a potion of curing {unknown}
Comestibles
 f - 2 bread rations
 w - 2 fruits
 z - a royal jelly


   Skills:
 - Level 3.7 Fighting
 + Level 6.2 Maces & Flails
 - Level 3.3 Armour
 + Level 1.6 Dodging
 + Level 0.4 Stealth
 - Level 3.3 Shields


You had 5 spell levels left.
You didn't know any spells.

Dungeon Overview and Level Annotations

Branches:
Dungeon (5/15)
 Temple: D:4-7

Altars:
Sif Muna
Trog
Wu Jian

Shops:
D:4 !


Message History

Something hits you. Something shocks you.
You hit something. You block something's attack.
Something hits you but does no damage.
You closely miss something.
A sky beast appears from thin air!
Reactivating autopickup.
The sky beast hits you but does no damage.
You closely miss the sky beast.
The sky beast is heavily wounded.
The sky beast flickers out of sight!
Deactivating autopickup; reactivate with Ctrl-A.
Something hits you.
* * * LOW HITPOINT WARNING * * *
Something shocks you.
* * * LOW HITPOINT WARNING * * *
You miss something. Something hits you.
* * * LOW HITPOINT WARNING * * *
Something shocks you.
* * * LOW HITPOINT WARNING * * *
You closely miss something. Something hits you.
You die...

##..# ##+## #.......###.#
#...# #.# ###.........#
#..## #.# ###.#######
#..#########.###########.#
........[##..............#
###.####.#.....###########
# #..# #.##<.#.##
###..###.##.###.##
...........## ##@#
.#######.##.###{##
.........###.#.##
########## #..## #.##
#####.##### ###
#.........#
##.###.###.###.#
#.#........###.#########


There were no monsters in sight!

Vanquished Creatures
  A scorpion (D:5)
  An orc priest (D:4)
  Natasha (D:3)
  An iguana (D:4)
  A worker ant (D:5)
  Robin (D:3)
  3 adders
  An adder skeleton (D:4)
  A worm (D:2)
  2 dart slugs (D:1)
  2 orcs (D:4)
  3 giant cockroaches
  11 goblins
  11 hobgoblins
  6 jackals
  7 kobolds
  A quokka (D:2)
  2 bats
  4 frilled lizards
  A jackal skeleton (D:4)
  A leopard gecko skeleton (D:4)
  3 rats
65 creatures vanquished.

Vanquished Creatures (others)
  A hound (D:4)
  A quokka (D:4)
2 creatures vanquished.

Grand Total: 67 creatures vanquished

Notes
Turn   | Place    | Note
-------+----------+-------------------------------------------
     0 | D:1      | Dordric the Hill Orc Fighter began the quest for the Orb.
     0 | D:1      | Reached XP level 1. HP: 19/19 MP: 1/1
   178 | D:1      | Reached XP level 2. HP: 26/27 MP: 2/2
   229 | D:1      | Reached skill level 3 in Maces & Flails
   615 | D:2      | Found a deep blue altar of Sif Muna.
   790 | D:2      | Reached XP level 3. HP: 24/33 MP: 3/3
  1381 | D:3      | Found a bloodstained altar of Trog.
  1449 | D:3      | Reached skill level 4 in Maces & Flails
  1470 | D:3      | Found a faded altar of an unknown god.
  1530 | D:3      | Reached XP level 4. HP: 29/40 MP: 4/4
  1629 | D:3      | Noticed Robin
  1669 | D:3      | Killed Robin
  2142 | D:3      | Noticed Natasha
  2160 | D:3      | Killed Natasha
  2160 | D:3      | Reached skill level 5 in Maces & Flails
  2316 | D:4      | Became a worshipper of Beogh the Brigand
  2371 | D:4      | Reached skill level 1 in Dodging
  2371 | D:4      | Reached XP level 5. HP: 38/46 MP: 5/5
  2457 | D:4      | Found an ornate altar of the Wu Jian Council.
  2518 | D:4      | Found Sioguh's Distillery.
  3209 | D:5      | Entered Level 5 of the Dungeon
  3320 | D:5      | Reached skill level 6 in Maces & Flails
  3320 | D:5      | Reached XP level 6. HP: 44/52 MP: 6/6
  3354 | D:5      | Noticed a sky beast
  3381 | D:4      | HP: 2/52 [something (5)]
  3382 | D:4      | Slain by a sky beast

Vault maps used:
D:1:      minmay_arrival_five_plusses
D:2:      led_sif_pool, first_bread
D:3:      chequers_ecumenical_altar_twisty, trog_three_pillars_becter,
          uniq_natasha, uniq_robin
D:4:      lemuel_round_altar, serial_shops, shop_statue
D:5:      cheibrodos_sewer_entry_bend, minmay_misc_feat_more_columns

Skill      XL: |  1  2  3  4  5 |
---------------+----------------+-----
Maces & Flails | 3 4 5 6 |  6.2
Dodging        | 1 |  1.6
Fighting       | |  3.7
Armour         | |  3.3
Stealth        | |  0.4
Shields        | |  3.3

Action                   |  1- 3 |  4- 6 || total
-------------------------+-------+-------++-------
Melee: Flail             |   134 |   148 ||   282
Invok: Convert to Beogh  |       |     1 ||     1
  Eat: Chunk             |     2 |     4 ||     6
       Meat ration       |       |     1 ||     1
Armor: Scale mail        |    55 |    59 ||   114
Dodge: Dodged            |    40 |    27 ||    67
Block: Shield            |    70 |    92 ||   162

Table legend:
 A = Spawn XP
 B = Non-spawn XP
 C = Spawn XP percentage of total XP
 D = Spawn monster count
 E = Non-spawn monster count
 F = Spawn count percentage of total count
 G = Total turns spent on level
                    A         B        C        D         E        F      G
               +---------+---------+-------+---------+---------+-------+---------
         Total |       0 |     377 |   0.0 |       0 |      65 |   0.0 |  3382
               +---------+---------+-------+---------+---------+-------+---------
           D:1 |       0 |      26 |   0.0 |       0 |      13 |   0.0 |   490
           D:2 |       0 |      16 |   0.0 |       0 |       8 |   0.0 |   648
           D:3 |       0 |     116 |   0.0 |       0 |      32 |   0.0 |  1167
           D:4 |       0 |     105 |   0.0 |       0 |       9 |   0.0 |   916
           D:5 |       0 |     114 |   0.0 |       0 |       3 |   0.0 |   161
               +---------+---------+-------+---------+---------+-------+---------
